 Dungeon Crawl Stone Soup version 0.18.1-50-g88ac8fd (webtiles) character file.

2242 Skwishie the Arsonist (level 9, -4/51 HPs)
             Began as a Gargoyle Fire Elementalist on Sept 21, 2016.
             Was a Follower of Vehumet.
             Shot with a sling bullet by Joseph (9 damage)
             ... on level 7 of the Dungeon.
             The game lasted 01:00:28 (12501 turns).

Skwishie the Arsonist (Gargoyle Fire Elementalist) Turns: 12501, Time: 01:00:28

Health: -4/51      AC: 11    Str: 11    XL:     9   Next: 37%
Magic:  1/14       EV: 12    Int: 20    God:    Vehumet [*.....]
Gold:   596        SH:  0    Dex: 10    Spells: 3 memorised, 6 levels left

rFire  . . .     SeeInvis .     E - +1 trident (venom)
rCold  . . .     Gourm    .     a - +1 robe
rNeg   + . .     Faith    .     (no shield)
rPois  ∞         Spirit   .     (no helmet)
rElec  +         Dismiss  .     c - +0 cloak
rCorr  .         Reflect  .     j - +0 pair of gloves
SustAt .         Harm     .     e - +0 pair of boots
MR     .....                    (no amulet)
Stlth  ++........               (no ring)
                                (no ring)

@: not resistant to hostile enchantments, unstealthy
A: negative energy resistance 1, electricity resistance, unbreathing,
petrification resistance, rot immunity, AC +5
a: Renounce Religion


You were on level 7 of the Dungeon.
You worshipped Vehumet.
Vehumet was aware of your devotion.
You were not hungry.

You visited 1 branch of the dungeon, and saw 7 of its levels.
You also visited: Ossuary.

You collected 596 gold pieces.

Inventory:

Hand Weapons
 E - a +1 trident of venom (weapon)
Missiles
 A - a throwing net (quivered)
Armour
 a - a +1 robe (worn)
 c - a +0 cloak (worn)
 e - a +0 pair of boots (worn)
 j - a +0 pair of gloves (worn)
Wands
 D - a wand of iceblast (15/15)
Scrolls
 i - 2 scrolls of remove curse
 k - 2 scrolls of amnesia
 l - 3 scrolls of enchant weapon
 t - 2 scrolls of recharging
 B - 6 scrolls of identify
Potions
 d - 5 potions of curing
 f - 6 potions of agility
 g - a potion of cancellation
 h - a potion of flight
 m - 2 potions of lignification
 o - a potion of resistance
 p - 3 potions of cure mutation
 s - 2 potions of heal wounds
 u - a potion of haste
Books
 b - a book of Flames

   Spells                             Type                      Level
   a - Flame Tongue                   Conjuration/Fire             1
   b - Throw Flame                    Conjuration/Fire             2
   c - Conjure Flame                  Conjuration/Fire             3
   d - Inner Flame                    Hexes/Fire                   3
   e - Sticky Flame                   Conjuration/Fire             4
   f - Fireball                       Conjuration/Fire             5
Comestibles
 n - 4 meat rations
 q - 3 beef jerkies
 r - 2 slices of pizza
 v - 3 bread rations


   Skills:
 * Level 3.6 Fighting
 - Level 1.5 Dodging
 - Level 2.1 Stealth
 + Level 3.3 Spellcasting
 + Level 2.9 Conjurations
 + Level 11.2 Fire Magic


You had 6 spell levels left.
You knew the following spells:

 Your Spells              Type           Power        Failure   Level  Hunger
a - Flame Tongue          Conj/Fire      ####.        1%          1    None
b - Throw Flame           Conj/Fire      ####..       1%          2    ##.....
c - Fireball              Conj/Fire      ####......   24%         5    ######.


Dungeon Overview and Level Annotations

Branches:
Dungeon (7/15)
 Temple: D:4-7

Altars:
Ashenzari
Fedhas
Gozag
Kikubaaqudgha
Makhleb
Nemelex Xobeh
Pakellas
Qazlal
Sif Muna
Trog
Vehumet
Xom
Yredelemnul
The Shining One

Shops:
D:6 *

Annotations:
D:7 Joseph


Innate Abilities, Weirdness & Mutations

You are resistant to torment.
Your stone body is resilient (AC +5).
You are immune to poison.
You resist negative energy.
You are resistant to electric shocks.
You can survive without breathing.
You are immune to petrification.
You are immune to rotting.


Message History

Confirm with . or Enter, or press ? or * to list all spells.
Okay, then.
Joseph shoots a sling bullet.
The sling bullet closely misses you.
Casting: Throw Flame
Confirm with . or Enter, or press ? or * to list all spells.
Aiming: Throw Flame
Press: ? - help, Shift-Dir - straight line, f/p - Joseph
Aim: Joseph, wielding a hunting sling, wearing a leather armour and carrying a wand of teleportation {zapped: 1} (almost dead)
The puff of flame hits Joseph.
Joseph is almost dead.
Joseph shoots a sling bullet.
The sling bullet hits you!
* * * LOW HITPOINT WARNING * * *
Joseph shoots a sling bullet.
The sling bullet misses you.
Your magical contamination has completely faded away.
Casting: Throw Flame
Confirm with . or Enter, or press ? or * to list all spells.
Okay, then.
Joseph shoots a sling bullet.
The sling bullet barely misses you.
Joseph shoots a sling bullet.
The sling bullet hits you!
You die...

###.##########.# #.####.#
..........(....# #...##.#
.##.############ #.#.##.# .##.#
#......# ....##########
###.#### #...(.##.....# #.#
..###.##.....# #####.# ###
#.##.....# #>....#
#####<##.....# #@#####
......(......# #.#
##.#..##.#.#####.#
##.#..##....@.##.#
##....##.#..#.##.#
##.#.###.#.###(#.# ......##..##
##@.# ...........###..(#
##.##.##..#.#.#################


You could see Joseph.

Vanquished Creatures
  Menkaure (D:7)
  A water moccasin (D:7)
  An ice beast (D:5)
  A sky beast (D:6)
  2 black bears (D:7)
  2 ogres
  2 centaurs
  A big kobold (D:7)
  A giant frog (D:4)
  3 howler monkeys
  3 crimson imps (D:5)
  A giant frog zombie (D:6)
  A hound (D:6)
  2 jellies
  2 orc priests
  An iguana (D:3)
  4 orc wizards
  7 worker ants
  A big kobold zombie (Ossuary)
  8 mummies (Ossuary)
  7 gnolls
  15 adders
  An ooze (D:1)
  An adder zombie (D:5)
  An adder skeleton (D:5)
  3 worms
  11 dart slugs (D:5)
  10 giant geckos
  12 orcs
  2 bat zombies (D:6)
  8 giant cockroaches
  2 gnoll zombies (Ossuary)
  4 goblins
  11 hobgoblins
  9 jackals
  4 quokkas
  A ball python (D:5)
  A bat (D:2)
  A giant cockroach zombie (D:6)
  5 giant newts
  13 kobolds
  5 orc zombies (Ossuary)
  12 rats
  A rat zombie (D:6)
185 creatures vanquished.

Notes
Turn   | Place    | Note
--------------------------------------------------------------
     0 | D:1      | Skwishie the Gargoyle Fire Elementalist began the quest for the Orb.
     0 | D:1      | Reached XP level 1. HP: 10/10 MP: 3/3
   243 | D:1      | Reached XP level 2. HP: 8/15 MP: 0/5
   247 | D:1      | Learned a level 2 spell: Throw Flame
  1164 | D:1      | Reached XP level 3. HP: 19/19 MP: 6/6
  1506 | D:2      | Reached skill level 4 in Fire Magic
  2343 | D:2      | Reached XP level 4. HP: 21/24 MP: 2/7
  3069 | D:3      | Found a shattered altar of Ashenzari.
  3148 | D:3      | Reached skill level 5 in Fire Magic
  3595 | D:3      | Reached XP level 5. HP: 4/28 MP: 1/8
  4452 | D:3      | Found a basalt altar of Yredelemnul.
  4457 | D:3      | Found a glowing golden altar of the Shining One.
  4461 | D:3      | Noticed an angel
  4469 | D:3      | Noticed a profane servitor
  5038 | D:3      | Found a bloodstained altar of Trog.
  5615 | D:3      | Reached skill level 6 in Fire Magic
  5678 | D:3      | Learned a level 5 spell: Fireball
  5778 | D:4      | Reached XP level 6. HP: 21/32 MP: 4/9
  5928 | D:4      | Found a sand-covered staircase.
  5937 | Ossuary  | Entered an ossuary
  6776 | Ossuary  | Reached skill level 7 in Fire Magic
  7244 | D:4      | Reached XP level 7. HP: 36/36 MP: 5/10
  8246 | D:5      | Entered Level 5 of the Dungeon
  8254 | D:5      | Reached skill level 8 in Fire Magic
  8850 | D:5      | Reached skill level 9 in Fire Magic
  9075 | D:5      | Reached XP level 8. HP: 40/41 MP: 11/11
  9214 | D:5      | Found a deep blue altar of Sif Muna.
 10085 | D:6      | Reached skill level 10 in Fire Magic
 10288 | D:6      | Found a radiant altar of Vehumet.
 10296 | D:6      | Became a worshipper of Vehumet
 10432 | D:6      | Found an oddly glowing altar of Pakellas.
 10491 | D:6      | Found a burning altar of Makhleb.
 10521 | D:6      | Found a shimmering altar of Xom.
 10523 | D:6      | Found a shimmering altar of Xom.
 10524 | D:6      | Found a shimmering altar of Xom.
 10524 | D:6      | Found a shimmering altar of Xom.
 10525 | D:6      | Found a shimmering altar of Xom.
 10525 | D:6      | Found a shimmering altar of Xom.
 10526 | D:6      | Found a shimmering altar of Xom.
 10541 | D:6      | Found a sparkling altar of Nemelex Xobeh.
 10696 | D:6      | Found Gozag's Platinum Reserve.
 10748 | D:6      | Found an ancient bone altar of Kikubaaqudgha.
 10881 | D:6      | Found an opulent altar of Gozag.
 11267 | D:7      | Noticed Joseph
 11472 | D:7      | Noticed Menkaure
 11521 | D:7      | Reached skill level 1 in Fighting
 11521 | D:7      | Reached skill level 11 in Fire Magic
 11521 | D:7      | Reached XP level 9. HP: 47/47 MP: 7/13
 11548 | D:7      | Reached * piety under Vehumet
 11548 | D:7      | Offered knowledge of Shock by Vehumet.
 11613 | D:7      | Found a stormy altar of Qazlal.
 11616 | D:7      | Found a blossoming altar of Fedhas.
 11672 | D:7      | Killed Menkaure
 12501 | D:7      | Shot with a sling bullet by Joseph

Skill      XL: |  1  2  3  4  5  6  7  8  9 |
---------------+----------------------------+-----
Fire Magic     | 4 5 6 7 9 11 | 11.2
Fighting       | 1 3 |  3.6
Spellcasting   | 3 |  3.3
Conjurations   | 2 |  2.9
Dodging        | |  1.5
Stealth        | |  2.1

Action                   |  1- 3 |  4- 6 |  7- 9 || total
-------------------------+-------+-------+-------++-------
Melee: Club              |    97 |       |       ||    97
       Spear             |    35 |   183 |       ||   218
       Trident           |       |    83 |   353 ||   436
 Cast: Flame Tongue      |    10 |     9 |    35 ||    54
       Throw Flame       |    11 |    54 |    67 ||   132
  Use: Scroll            |       |    14 |     6 ||    20
       Potion            |       |     1 |       ||     1
 Stab: Sleeping          |     3 |     6 |     7 ||    16
  Eat: Chunk             |     5 |     9 |    18 ||    32
       Bread ration      |       |     2 |       ||     2
       Royal jelly       |       |     1 |     1 ||     2
Armor: Robe              |    36 |    71 |   183 ||   290
Dodge: Dodged            |    82 |   138 |   246 ||   466
